 Dungeon Crawl Stone Soup version 0.29.1-12-g30fa7ad0bf (webtiles) character file.

Game seed: 15665016981900248486

1278 Descartes the Shield-Bearer (level 8, -3/65 HPs)
             Began as a Formicid Fighter on Jan 17, 2023.
             Slain by a hornet (11 damage)
             ... on level 5 of the Dungeon.
             The game lasted 00:10:12 (5920 turns).

Descartes the Shield-Bearer (Formicid Fighter)      Turns: 5920, Time: 00:10:14

Health: -3/65      AC: 11    Str: 24    XL:     8   Next: 84%
Magic:  8/8        EV:  8    Int:  7    God:
Gold:   247        SH:  5    Dex: 13    Spells: 7/7 levels left

rFire   . . .      SeeInvis +   a - +0 war axe
rCold   + . .      Faith    .   (no shield)
rNeg    + . .      Spirit   .   B - +1 chain mail of the Boiling Point {Fly rN+ rCorr}
rPois   .          Reflect  +   (helmet unavailable)
rElec   .          Harm     .   (no cloak)
rCorr   +          Rampage  .   (no gloves)
Will    +....                   (no boots)
Stlth   ..........              f - amulet of reflection
HPRegen 0.20/turn               j - ring of willpower
MPRegen 0.11/turn               m - ring of protection from cold

@: mighty, lethally poisoned (-3 -> -15), marked, flying
A: permanent stasis, dig shafts and tunnels, antennae 3, four strong arms
a: Dig, Shaft Self


You were on level 5 of the Dungeon.
You visited 1 branch of the dungeon, and saw 5 of its levels.

You collected 247 gold pieces.

Inventory:

Hand Weapons
 a - a +0 war axe (weapon)
Missiles
 k - 4 poisoned darts
 q - a throwing net
Armour
 b - a +0 scale mail
 c - a +0 buckler
 x - a +0 kite shield
 B - the +1 chain mail of the Boiling Point (worn) {Fly rN+ rCorr}
   (You found it on level 5 of the Dungeon)

   rN:        It protects you from negative energy.
   Fly:       It grants you flight.
   rCorr:     It protects you from acid and corrosion.
Jewellery
 f - an amulet of reflection (around neck)
 j - a ring of willpower (left hand)
 m - a ring of protection from cold (right hand)
 o - a ring of protection from fire
 p - a ring of protection from cold
 u - a +6 ring of dexterity
Scrolls
 g - 2 scrolls of blinking {unknown}
 h - 3 scrolls of fog {unknown}
 i - 7 scrolls of identify {unknown}
 l - 3 scrolls of enchant weapon {unknown}
 r - a scroll of noise {unknown}
 v - a scroll of vulnerability {unknown}
 w - 2 scrolls of immolation {unknown}
 y - a scroll of acquirement {unknown}
 z - a scroll of silence {unknown}
 A - a scroll of magic mapping {unknown}
Potions
 d - a potion of might
 e - 2 potions of curing
 n - a potion of degeneration {unknown}
 s - a potion of invisibility {unknown}
 t - a potion of attraction {unknown}


   Skills:
 + Level 6.4 Fighting
 + Level 5.3 Axes
 + Level 6.4 Armour
 + Level 7.7 Shields


You had 7 spell levels left.
You didn't know any spells.
Your spell library contained the following spells:

 Spells                   Type           Power      Damage    Failure   Level
 Sandblast                Erth           0%         2d4       96%         1
 Slow                     Hex            0%         N/A       96%         1
 Passwall                 Tmut/Erth      0%         N/A       99%         2
 Scorch                   Fire           0%         2d5       99%         2
 Confusing Touch          Hex            0%         N/A       100%        3
 Stone Arrow              Conj/Erth      0%         3d7       100%        3
 Vampiric Draining        Necr           0%         2d6       100%        3
 Flame Wave               Conj/Fire      0%         2d4       100%        4
 Summon Cactus Giant      Summ           0%         N/A       100%        6


Dungeon Overview and Level Annotations

Branches:
Dungeon (5/15)
 Temple: D:4-7

Altars:
Makhleb
Qazlal
Vehumet

Shops:
D:2 =*[=:


Innate Abilities, Weirdness & Mutations

You cannot be hasted, slowed, berserked, paralysed or teleported.
You can dig through walls and to a lower floor.
You have a pair of large antennae on your head. (SInv)
Your four strong arms can wield two-handed weapons with a shield.


Message History

The hornet stings you.
You are poisoned.
Your stasis prevents you from being slowed.
You barely miss the hornet.
The hornet is moderately wounded.
You feel very sick. The hornet stings you.
Your stasis prevents you from being slowed.
The hornet completely misses you.
You closely miss the hornet.
The hornet is moderately wounded.
You feel sick.
The hornet stings you but does no damage.
The hornet stings you.
You are more poisoned.
Your stasis prevents you from being slowed.
A hound comes into view.
You slash the hornet!
The hornet is moderately wounded.
You feel very sick. The hornet stings you.
You are more poisoned.
Your stasis prevents you from being paralysed.
The hornet stings you but does no damage.
Okay, then.
You feel very mighty all of a sudden.
You feel very sick. The hornet misses you.
You completely miss the hornet.
The hornet is moderately wounded.
You feel very sick. You block the hornet's attack.
The hornet barely misses you.
You slash the hornet!
The hornet is severely wounded.
You feel very sick. The hornet stings you!
* * * LOW HITPOINT WARNING * * *
Your stasis prevents you from being slowed.
The hornet stings you!
You die...

###.###.# ........#
#. ....##..# #. #
....###.# #. ##.#
....# #.# #. #...
....# #.#####.#.#
#..# ....#
#.......#.##..#
....###†#####.#.h..#
.....#..#.. #.@#
..#.....#.# #.y#
..#.#.#.#.# #..#
..#.#.#.#.# #..#
###.#...#.#####..#
#.###.#........#
#.###.#.#####..#
#.....#.#...#..#
#.##..#.#.#.#.##


You could see a hornet and a hound.

Vanquished Creatures
  2 ice beasts
  The ghost of u553311 the Digger, an amateur MeEE (D:3)
  An ogre (D:4)
  Blork the orc (D:5)
  A gnoll sergeant (D:5)
  3 necrophages (D:5)
  A crimson imp (D:5)
  2 hounds
  2 jellies
  5 iguanas
  Natasha (thrice) (D:2)
  Ijyb (D:5)
  An orc wizard (D:5)
  9 gnolls
  3 adders
  2 worms
  2 dart slugs
  6 orcs
  7 endoplasms
  A giant cockroach (D:4)
  8 goblins
  8 hobgoblins
  4 jackals (D:4)
  4 kobolds
  8 quokkas
  10 ball pythons
  2 bats
  3 frilled lizards
  6 rats
107 creatures vanquished.

Vanquished Creatures (others)
  A gnoll (D:5)
  16 plants (D:2)
  6 withered plants (D:2)
23 creatures vanquished.

Grand Total: 130 creatures vanquished

Notes
Turn   | Place    | Note
-------+----------+-------------------------------------------
     0 | D:1      | Descartes the Formicid Fighter began the quest for the Orb.
     0 | D:1      | Reached XP level 1. HP: 18/18 MP: 1/1
   458 | D:1      | Reached XP level 2. HP: 20/24 MP: 2/2
  1073 | D:2      | Found Uriecsoo's Assorted Antiques.
  1131 | D:2      | Found a faded altar of an unknown god.
  1139 | D:2      | Found Wizieqy's Antique Armour Boutique.
  1145 | D:2      | Reached XP level 3. HP: 28/29 MP: 3/3
  1162 | D:2      | Found Ezir's Jewellery Emporium.
  1189 | D:2      | Found Eguy's Book Boutique.
  1238 | D:2      | You fall into a shaft and drop 1 floor!
  1269 | D:2      | Noticed Natasha
  1278 | D:2      | Killed Natasha
  1350 | D:2      | Reached XP level 4. HP: 37/37 MP: 4/4
  1421 | D:2      | Noticed Natasha
  1430 | D:2      | Killed Natasha
  1634 | D:2      | Reached skill level 5 in Shields
  1634 | D:2      | Reached XP level 5. HP: 34/42 MP: 5/5
  1706 | D:2      | Found Xarud's Jewellery Boutique.
  1843 | D:2      | Noticed Natasha
  1852 | D:2      | Killed Natasha
  2148 | D:3      | Noticed u553311's ghost (amateur MeEE)
  2600 | D:3      | Found a runed translucent gate.
  2600 | D:3      | Found a runed translucent gate.
  2601 | D:3      | Found a runed translucent gate.
  2604 | D:3      | Noticed an ice beast
  2619 | D:3      | Killed an ice beast
  2620 | D:3      | Reached XP level 6. HP: 49/49 MP: 6/6
  3447 | D:3      | HP: 1/50 [poisoned by u553311's ghost]
  3447 | D:3      | Killed u553311's ghost
  3448 | D:3      | Reached skill level 5 in Fighting
  3448 | D:3      | Reached skill level 6 in Shields
  3448 | D:3      | Reached XP level 7. HP: 2/56 MP: 7/7
  3768 | D:4      | Reached skill level 5 in Armour
  4694 | D:5      | Entered Level 5 of the Dungeon
  4850 | D:5      | Reached XP level 8. HP: 61/63 MP: 8/8
  4871 | D:5      | Found a radiant altar of Vehumet.
  4872 | D:5      | Found a burning altar of Makhleb.
  4985 | D:5      | Reached skill level 7 in Shields
  5327 | D:5      | Reached skill level 5 in Axes
  5641 | D:5      | Found a stormy altar of Qazlal.
  5790 | D:5      | Noticed Blork the orc
  5800 | D:5      | Killed Blork the orc
  5856 | D:5      | Identified the +1 chain mail of the Boiling Point {Fly rN+
                  | rCorr}
  5900 | D:5      | Noticed Ijyb
  5907 | D:5      | Noticed a hornet
  5912 | D:5      | Killed Ijyb
  5920 | D:5      | Slain by a hornet

Illustrated notes

Levels and vault maps discovered:
D:1:      matt_arrival_refuge, layout_loops_ring
D:2:      wad_woods_tower, layout_basic, ebering_ecumenical_altar_petrified,
          serial_shops, shop, nicolae_shop_overgrown_old_shop, shop,
          nicolae_shop_behind_doors, nicolae_square_shop, uniq_natasha
D:3:      layout_basic, gammafunk_ghost_split, kennysheep_flooded_box,
          kennysheep_generic_room_15
D:4:      layout_loops_ring
D:5:      layout_gridville, grunt_temple_overflow_lords_of_destruction,
          nicolae_qazlal_scattered_showers, st_stairs_2, roderic_lattice_a,
          uniq_pikel, uniq_blork_the_orc, uniq_ijyb

Skill      XL: |  1  2  3  4  5  6  7  8 |
---------------+-------------------------+-----
Armour         | 4 5 6 |  6.4
Fighting       | 4 5 6 |  6.4
Shields        | 5 6 7 |  7.7
Axes           | 3 4 5 |  5.3

Action                   |  1- 3 |  4- 6 |  7- 9 || total
-------------------------+-------+-------+-------++-------
Melee: War axe           |    56 |   149 |   205 ||   410
       Punch             |       |       |     1 ||     1
  Use: Potion            |       |       |     2 ||     2
Armor: Scale mail        |    34 |    31 |    53 ||   118
       Chain mail        |       |       |     9 ||     9
Dodge: Dodged            |    12 |    40 |    84 ||   136
Block: Buckler           |    16 |    83 |    52 ||   151
       Reflection        |       |     3 |       ||     3
       Other             |       |       |    20 ||    20
